 Dungeon Crawl Stone Soup version 0.23.2-1-ga50397a (webtiles) character file.

Game seed: 16022439098908710595

126 Wander the Conjurer (level 5, -1/39 HPs)
             Began as a Human Wanderer on May 3, 2019.
             Killed by nerve-wracking pain
             ... invoked by Grinder
              (8 damage)
             ... on level 3 of the Dungeon.
             The game lasted 00:07:46 (2961 turns).

Wander the Conjurer (Human Wanderer)                Turns: 2961, Time: 00:07:47

Health: -1/39      AC:  6    Str: 13 (15) XL:     5   Next: 31%
Magic:  9/9        EV: 11    Int:  8 (9)  God:
Gold:   158        SH:  0    Dex: 12 (14) Spells: 9/9 levels left

rFire    . . .     SeeInvis .   a - +0 hunting sling
rCold    . . .     Gourm    .   (no shield)
rNeg     . . .     Faith    .   h - +0 ring mail
rPois    +         Spirit   .   (no helmet)
rElec    .         Reflect  .   (no cloak)
rCorr    +         Harm     .   (no gloves)
MR       .....                  u - +0 pair of boots
Stlth    +.........             (no amulet)
HPRegen  0.13/turn              m - ring of resist corrosion
MPRegen  0.11/turn              n - ring of poison resistance

@: hasted, very quick
A: no striking features
a: no special abilities


You were on level 3 of the Dungeon.
You were hungry.

You visited 1 branch of the dungeon, and saw 3 of its levels.

You collected 158 gold pieces.

Inventory:

Hand Weapons
 a - a +0 hunting sling (weapon)
 b - a +0 mace
Missiles
 e - 44 stones (quivered)
 p - a throwing net
 s - 20 poisoned needles
 t - 28 arrows
Armour
 d - a +0 robe
 h - a +0 ring mail (worn)
 u - a +0 pair of boots (worn)
Jewellery
 m - a ring of resist corrosion (left hand)
 n - a ring of poison resistance (right hand)
Scrolls
 c - 3 scrolls of teleportation
 g - a scroll of noise {unknown}
 i - 2 scrolls of remove curse {unknown}
 o - a scroll of magic mapping {unknown}
 q - 4 scrolls of identify {unknown}
 r - a scroll of fog {unknown}
Potions
 l - a potion of curing
Comestibles
 f - 9 rations


   Skills:
 + Level 2.3 Fighting
 - Level 0.1 Maces & Flails
 * Level 2.5(2.6) Slings
 - Level 1.0(1.9) Throwing
 - Level 0.5 Armour
 - Level 2.4 Dodging
 - Level 1.0 Stealth
 - Level 2.6 Spellcasting
   Level 3.0 Conjurations
   Level 1.0 Evocations


You had 9 spell levels left.
You didn't know any spells.
Your spell library contained the following spells:

 Spells                   Type           Power        Failure   Level  Hunger
 Magic Dart               Conj           #...         21%         1    ##.....
 Searing Ray              Conj           #.....       30%         2    ###....
 Sting                    Conj/Pois      #...         36%         1    ##.....
 Dazzling Spray           Conj/Hex       #.....       75%         3    ####...
 Iskenderun's Mystic Bla  Conj           #.......     90%         4    #####..
 Ignite Poison            Fire/Tmut/Pois #.......     91%         3    ####...
 Force Lance              Conj/Tloc      #.......     98%         4    #####..
 Fulminant Prism          Conj/Hex       #.........   98%         4    #####..


Dungeon Overview and Level Annotations

Branches:
Dungeon (3/15)

Altars:
Gozag

Annotations:
D:3 Grinder


Message History

* * * LOW HITPOINT WARNING * * *
Firing (i - inventory. (/) - cycle)
e - 47 stones (quivered)
Press: ? - help, Shift-Dir - straight line, f/p - Grinder
Aim: Grinder (heavily wounded)
You shoot a stone. The stone hits Grinder.
Grinder is severely wounded.
Grinder says, "Just stop there for a second..."
Grinder closely misses you.
Firing (i - inventory. (/) - cycle)
e - 46 stones (quivered)
Press: ? - help, Shift-Dir - straight line, f/p - Grinder
Aim: Grinder (severely wounded)
You shoot a stone. The stone closely misses Grinder.
Firing (i - inventory. (/) - cycle)
e - 45 stones (quivered)
Press: ? - help, Shift-Dir - straight line, f/p - Grinder
Aim: Grinder (severely wounded)
You shoot a stone. The stone hits Grinder.
Grinder is severely wounded.
Grinder gestures at you. Pain shoots through your body!
You die...

##### ### #...# # ..#
#...# ..( ..# #...#...?.
..# #.@5((((((.
..#############.(.#....((
............#.(...#.....≈
..# ###...(.†.# ..((( ..#
####...(.....# ....(
..####....##.((...# ..(#
.....#.#####+####### ####
...................#
.##................#


You could see Grinder.

Vanquished Creatures
  4 gnolls
  2 adders (D:3)
  2 oozes (D:3)
  4 dart slugs
  2 leopard geckos
  2 orcs (D:3)
  8 bats
  2 giant cockroaches
  4 hobgoblins
  4 jackals (D:3)
  3 kobolds
  4 frilled lizards
  3 goblins (D:1)
  7 rats
51 creatures vanquished.

Notes
Turn   | Place    | Note
-------+----------+-------------------------------------------
     0 | D:1      | Wander the Human Wanderer began the quest for the Orb.
     0 | D:1      | Wander set off with the following items: a +0 dagger, a
                  | scroll of teleportation, a +0 robe, a ration; and the
                  | following spells available to memorise: Magic Dart, Searing
                  | Ray, Sting, Dazzling Spray, Iskenderun's Mystic Blast,
                  | Ignite Poison, Force Lance, Fulminant Prism
     0 | D:1      | Reached XP level 1. HP: 13/13 MP: 3/3
   211 | D:1      | Reached XP level 2. HP: 19/19 MP: 5/5
   657 | D:1      | Reached XP level 3. HP: 20/24 MP: 6/6
  1437 | D:2      | Reached skill level 1 in Fighting
  1830 | D:2      | Reached XP level 4. HP: 33/33 MP: 8/8
  1985 | D:2      | Reached skill level 1 in Slings
  2379 | D:2      | Found an opulent altar of Gozag.
  2651 | D:3      | Reached XP level 5. HP: 38/38 MP: 9/9
  2910 | D:3      | Noticed Grinder
  2961 | D:3      | Killed from afar by Grinder

Skill      XL: |  1  2  3  4  5 |
---------------+----------------+-----
Fighting       | 1 2 |  2.3
Slings         | 1 2 |  2.5
Maces & Flails | |  0.1
Throwing       | |  1.0
Armour         | |  0.5
Dodging        | |  2.4
Stealth        | |  1.0
Spellcasting   | |  2.6
Conjurations   | |  3.0
Evocations     | |  1.0

Action                   |  1- 3 |  4- 6 || total
-------------------------+-------+-------++-------
Melee: Dagger            |   111 |       ||   111
       Whip              |    11 |       ||    11
       Hand axe          |    10 |       ||    10
       Mace              |       |    29 ||    29
 Fire: Hunting sling     |     7 |   137 ||   144
Throw: Stone             |    18 |       ||    18
  Use: Potion            |       |     3 ||     3
 Stab: Sleeping          |     2 |       ||     2
  Eat: Chunk             |     3 |     3 ||     6
Armor: Ring mail         |    58 |    35 ||    93
       Robe              |     3 |       ||     3
Dodge: Dodged            |   116 |    67 ||   183
